Selects Airborne Battlegroup
Selects Heavy Machine Gun Paradrop
Heavy Machine Gun Paradrop
Heavy Machine Gun Paradrop
Construct Medical Station
Mechanized Support Center
Construct Weapon Support Center
M16 Multiple Gun Motor Carriage
Selects Paratrooper Squad Paradrop
Paratrooper Squad Paradrop
Improved M9 Bazooka Rockets
Selects Anti-tank Gun Team Paradrop
Anti-tank Gun Team Paradrop
M1918 Browning Automatic Rifles
Selects Paradrop Reinforcements